Predators vs Maple Leafs
Created - January 2, 2023 at 20:46
Goals
|
| Predators |
0 |
2 |
3 |
5 |
| Maple Leafs |
0 |
4 |
3 |
7 |
|
Shots
|
| Predators |
7 |
22 |
7 |
36 |
| Maple Leafs |
9 |
12 |
13 |
34 |
|
1st period
No Goal
Penalties :
Alexander Ovechkin (Nas) for Roughing (Minor) at 15:40, Josh Morrissey (Nas) for Tripping (Minor) at 17:49
2nd period
1. Maple Leafs , Jon Merrill 1 (John Klingberg 13, Andre Burakovsky 15) at 1:41 (PP)
2. Maple Leafs , Luke Adam 1 (Brandon Saad 7, Pontus Aberg 2) at 3:00
3. Predators , Andy Miele 15 (Ryan Mcdonagh 13, Mark Pysyk 5) at 5:16 (SH)
4. Maple Leafs , Brandon Saad 3 (Pontus Aberg 3, Jon Merrill 5) at 8:37
5. Maple Leafs , Matt Duchene 13 (Claude Giroux 17) at 17:31
6. Predators , Mikael Granlund 12 (Alexander Ovechkin 15) at 18:36
Penalties :
Andy Miele (Nas) for Roughing (Minor) at 1:06, Reilly Smith (Nas) for Hooking (Minor) at 3:39, Mikael Granlund (Nas) for Holding (Minor) at 8:53
3rd period
7. Predators , Matt Stajan 4 (Nicolas Kerdiles 4, Alexander Edler 12) at 0:49
8. Maple Leafs , Brandon Saad 4 (Luke Adam 1, Pontus Aberg 4) at 4:26
9. Predators , Jack Eichel 5 (Reilly Smith 11, Jaden Schwartz 12) at 6:08
10. Predators , Mikael Granlund 13 (John Moore 7) at 17:38
11. Maple Leafs , Tye McGinn 6 (Zach Werenski 11, Braydon Coburn 3) at 18:28
12. Maple Leafs , Neal Pionk 1 (Patrice Cormier 9, Brad Boyes 1) at 19:08 (Empty Net)
Penalties :
No Penalty
Goalie Stats
Jaroslav Halak (Nas), 27 saves from 33 shots - (0.818), L, 1-2-0, 59:32 minutes
Martin Jones (TOR), 31 saves from 36 shots - (0.861), W, 6-8-0, 60:00 minutes
Players Stats for Predators
Player Name G A P +/- PIM S H SB GA TA FO MP PP MP PK MP
------------------------------------------------------------------------------------
Alexander Edler 0 1 1 1 0 2 4 3 0 2 0/0 27:42 0:00 5:34
Alexander Ovechkin 0 1 1 0 2 1 5 0 0 0 0/0 18:51 0:00 0:32
Andy Miele 1 0 1 1 2 7 2 0 1 0 14/33 21:19 0:00 4:30
Jack Eichel 1 0 1 0 0 4 2 0 1 0 7/17 15:48 0:00 0:21
Jaden Schwartz 0 1 1 0 0 1 0 0 1 0 1/1 18:16 0:00 2:45
John Moore 0 1 1 -1 0 1 0 0 0 0 0/0 18:56 0:00 2:57
Josh Morrissey 0 0 0 -1 2 0 1 0 0 1 0/0 12:38 0:00 0:00
Justin Faulk 0 0 0 -1 0 4 3 0 0 0 0/0 18:48 0:00 2:57
Mark Pysyk 0 1 1 -2 0 2 0 1 0 0 0/0 13:00 0:00 5:05
Markus Granlund 0 0 0 -3 0 0 0 0 1 0 0/0 7:53 0:00 0:09
Matt Stajan 1 0 1 1 0 1 0 0 0 0 1/5 10:25 0:00 0:00
Mikael Granlund 2 0 2 0 2 6 2 1 1 0 1/3 18:01 0:00 0:00
Mike Brown 0 0 0 1 0 0 1 0 0 0 0/0 12:47 0:00 2:22
Nate Schmidt 0 0 0 -1 0 3 0 0 0 0 0/0 12:28 0:00 0:00
Nicolas Kerdiles 0 1 1 1 0 2 0 0 1 0 3/3 13:38 0:00 1:18
Reilly Smith 0 1 1 0 2 1 3 0 1 0 0/0 15:35 0:00 0:00
Ryan Mcdonagh 0 1 1 1 0 1 0 2 1 1 0/0 27:42 0:00 5:34
Scott Laughton 0 0 0 -3 0 0 0 0 1 0 2/4 7:37 0:00 0:00
Players Stats for Maple Leafs
Player Name G A P +/- PIM S H SB GA TA FO MP PP MP PK MP
------------------------------------------------------------------------------------
Andre Burakovsky 0 1 1 0 0 3 2 0 0 0 0/0 17:24 3:38 0:00
Bo Horvat 0 0 0 0 0 0 0 0 0 0 2/11 17:24 3:38 0:00
Brad Boyes 0 1 1 -1 0 2 0 0 0 0 0/0 12:49 0:21 0:00
Brandon Saad 2 1 3 3 0 2 1 1 0 0 0/0 7:27 0:21 0:00
Brayden Schenn 0 0 0 -1 0 2 3 0 0 0 24/38 22:57 4:32 0:00
Braydon Coburn 0 1 1 -2 0 0 3 0 0 0 0/0 20:30 3:06 0:00
Chris Tierney 0 0 0 -1 0 0 2 0 0 1 0/0 12:49 0:21 0:00
Claude Giroux 0 1 1 -1 0 4 1 0 1 1 1/1 22:57 4:32 0:00
Haydn Fleury 0 0 0 2 0 1 0 2 0 0 0/0 10:47 0:00 0:00
John Klingberg 0 1 1 1 0 2 1 1 2 2 0/0 29:04 5:25 0:00
Jon Merrill 1 1 2 1 0 3 1 0 0 3 0/0 29:04 5:25 0:00
Luke Adam 1 1 2 3 0 3 0 0 0 0 2/3 6:50 0:00 0:00
Matt Duchene 1 0 1 -1 0 8 1 0 0 0 1/1 22:57 4:32 0:00
Neal Pionk 1 0 1 2 0 1 0 1 0 0 0/0 10:26 0:00 0:00
Patrice Cormier 0 1 1 -1 0 1 3 0 0 0 6/10 12:12 0:00 0:00
Pontus Aberg 0 3 3 3 0 0 0 0 0 0 0/1 6:50 0:00 0:00
Tye McGinn 1 0 1 0 0 1 0 0 0 0 1/1 17:24 3:38 0:00
Zach Werenski 0 1 1 -2 0 1 0 1 1 2 0/0 20:09 3:06 0:00
3 Stars
1 - Brandon Saad (TOR)
2 - Luke Adam (TOR)
3 - Pontus Aberg (TOR)
Power Play
Predators - 0 on 0 Attempt(s) - 0.00%
Maple Leafs - 1 on 5 Attempt(s) - 20.00%
Penalty Kill
Predators - 4 on 5 Attempt(s) - 80.00%
- Score 1 goal in Penalty Kill
Maple Leafs - 0 on 0 Attempt(s) - 0.00%
- Score 0 goal in Penalty Kill
Team Stat
Predators - Hits : 23 - Faceoff Wins : 29 - Blocked Shots : 7 - Penalty Minutes : 10
Maple Leafs - Hits : 18 - Faceoff Wins : 37 - Blocked Shots : 6 - Penalty Minutes : 0
Official
Referees : Reid Anderson and Jean Hebert
Linesman : Steve Miller and Ryan Gibbons
Game Notes
Neal Pionk has scored in a empty net!
Finance
Level 1 -- Attendance: 5382 (89.70%) -- Ticket Income $538,200
Level 2 -- Attendance: 4412 (88.24%) -- Ticket Income $264,720
Level 3 -- Attendance: 2000 (100.00%) -- Ticket Income $70,000
Level 4 -- Attendance: 3692 (92.30%) -- Ticket Income $92,300
Luxury Box -- Attendance: 918 (91.80%) -- Ticket Income $183,600
Game was played at the Scotiabank Arena.
Total Attendance: 16404 (91.13%)
Total Ticket Income: $1,148,820
Other Income: $172,323
Total Income: $1,321,143
Predators
5 vs 5 Forward
Center Left Wing Right Wing Time % Phy DF OF
1 Andy Miele Alexander Ovechkin Mikael Granlund 40 1 2 2
2 Jack Eichel Jaden Schwartz Reilly Smith 30 1 2 2
3 Matt Stajan Nicolas Kerdiles Mike Brown 20 1 2 2
4 Scott Laughton Markus Granlund Mark Pysyk 10 1 2 2
5 vs 5 Defense
Defense Defense Time % Phy DF OF
1 Ryan Mcdonagh Alexander Edler 40 1 2 2
2 John Moore Justin Faulk 30 1 2 2
3 Nate Schmidt Josh Morrissey 20 1 2 2
4 Ryan Mcdonagh Alexander Edler 10 1 2 2
PowerPlay Forward
Center Left Wing Right Wing Time % Phy DF OF
1 Andy Miele Alexander Ovechkin Mikael Granlund 60 1 1 3
2 Jack Eichel Jaden Schwartz Reilly Smith 40 1 1 3
PowerPlay Defense
Defense Defense Time % Phy DF OF
1 Ryan Mcdonagh Alexander Edler 60 1 2 2
2 John Moore Justin Faulk 40 1 2 2
Penalty Kill 4 Players Forward
Center Wing Time % Phy DF OF
1 Andy Miele Mark Pysyk 60 1 2 2
2 Jaden Schwartz Mike Brown 40 1 2 2
Penalty Kill 4 Players Defense
Defense Defense Time % Phy DF OF
1 Ryan Mcdonagh Alexander Edler 60 1 3 1
2 John Moore Justin Faulk 40 1 3 1
Penalty Kill - 3 Players Forward
Forward Time % Phy DF OF
1 Mark Pysyk 60 1 3 1
2 Andy Miele 40 1 3 1
Penalty Kill - 3 Players Defense
Defense Defense Time % Phy DF OF
1 Ryan Mcdonagh Alexander Edler 60 1 3 1
2 John Moore Justin Faulk 40 1 3 1
4 vs 4 Forward
Center Wing Time % Phy DF OF
1 Mikael Granlund Alexander Ovechkin 60 1 2 2
2 Jaden Schwartz Reilly Smith 40 1 2 2
4 vs 4 Defense
Defense Defense Time % Phy DF OF
1 Ryan Mcdonagh Alexander Edler 60 1 2 2
2 John Moore Justin Faulk 40 1 2 2
Last Minutes Offensive
Center Left Wing Right Wing Defense Defense
Andy Miele Alexander Ovechkin Mikael Granlund Ryan Mcdonagh Alexander Edler
Last Minutes Defensive
Center Left Wing Right Wing Defense Defense
Andy Miele Alexander Ovechkin Mikael Granlund Ryan Mcdonagh Alexander Edler
Goaltenders
Starting : Jaroslav Halak
Backup : Kari Lehtonen
Extra Forwards
Normal : Matt Stajan, Mark Pysyk, Nicolas Kerdiles - PP : Matt Stajan, Mark Pysyk - PK : Nicolas Kerdiles
Extra Defensemen
Normal : Nate Schmidt, Josh Morrissey, John Moore - PP : Nate Schmidt - PK : Josh Morrissey, John Moore
Penalty Shots
Alexander Ovechkin, Mikael Granlund, Jaden Schwartz, Reilly Smith, Ryan Mcdonagh
Scratches
Justin Abdelkader (Left Leg Injury)
Maple Leafs
5 vs 5 Forward
Center Left Wing Right Wing Time % Phy DF OF
1 Brayden Schenn Claude Giroux Matt Duchene 40 1 2 2
2 Bo Horvat Tye McGinn Andre Burakovsky 30 1 2 2
3 Patrice Cormier Chris Tierney Brad Boyes 20 1 2 2
4 Luke Adam Brandon Saad Pontus Aberg 10 1 2 2
5 vs 5 Defense
Defense Defense Time % Phy DF OF
1 Jon Merrill John Klingberg 40 1 2 2
2 Zach Werenski Braydon Coburn 30 1 2 2
3 Haydn Fleury Neal Pionk 20 1 2 2
4 Jon Merrill John Klingberg 10 1 2 2
PowerPlay Forward
Center Left Wing Right Wing Time % Phy DF OF
1 Brayden Schenn Claude Giroux Matt Duchene 60 1 2 2
2 Bo Horvat Tye McGinn Andre Burakovsky 40 1 2 2
PowerPlay Defense
Defense Defense Time % Phy DF OF
1 Jon Merrill John Klingberg 60 1 2 2
2 Zach Werenski Braydon Coburn 40 1 2 2
Penalty Kill 4 Players Forward
Center Wing Time % Phy DF OF
1 Claude Giroux Matt Duchene 60 1 2 2
2 Brayden Schenn Bo Horvat 40 1 2 2
Penalty Kill 4 Players Defense
Defense Defense Time % Phy DF OF
1 Jon Merrill John Klingberg 60 1 2 2
2 Zach Werenski Braydon Coburn 40 1 2 2
Penalty Kill - 3 Players Forward
Forward Time % Phy DF OF
1 Claude Giroux 60 1 2 2
2 Matt Duchene 40 1 2 2
Penalty Kill - 3 Players Defense
Defense Defense Time % Phy DF OF
1 Jon Merrill John Klingberg 60 1 2 2
2 Zach Werenski Braydon Coburn 40 1 2 2
4 vs 4 Forward
Center Wing Time % Phy DF OF
1 Claude Giroux Matt Duchene 60 1 2 2
2 Brayden Schenn Bo Horvat 40 1 2 2
4 vs 4 Defense
Defense Defense Time % Phy DF OF
1 Jon Merrill John Klingberg 60 1 2 2
2 Zach Werenski Braydon Coburn 40 1 2 2
Last Minutes Offensive
Center Left Wing Right Wing Defense Defense
Brayden Schenn Claude Giroux Matt Duchene Jon Merrill John Klingberg
Last Minutes Defensive
Center Left Wing Right Wing Defense Defense
Brayden Schenn Claude Giroux Matt Duchene Jon Merrill John Klingberg
Goaltenders
Starting : Martin Jones
Backup : Kristers Gudlevskis
Extra Forwards
Normal : Chris Tierney, Brandon Saad, Brad Boyes - PP : Chris Tierney, Brandon Saad - PK : Brad Boyes
Extra Defensemen
Normal : Haydn Fleury, Neal Pionk, Zach Werenski - PP : Haydn Fleury - PK : Neal Pionk, Zach Werenski
Penalty Shots
Claude Giroux, Matt Duchene, Brayden Schenn, Bo Horvat, Tye McGinn
Scratches
Brayden McNabb (Healthy)
% Time on Ice - Predators
Lines # - Real PCT - Wanted PCT - Time Play
Normal Forward
1 - 35% - 40% - 18:09
2 - 30% - 30% - 15:16
3 - 20% - 20% - 10:25
4 - 14% - 10% - 7:18
Normal Defense
1 - 40% - 40% - 20:23
2 - 32% - 30% - 16:14
3 - 24% - 20% - 12:28
4 - 4% - 10% - 2:03
PP Forward
1 - 0% - 60%
2 - 0% - 40%
PP Defense
1 - 0% - 60%
2 - 0% - 40%
PK Forward
1 - 72% - 60% - 6:09
2 - 28% - 40% - 2:22
PK Defense
1 - 65% - 60% - 5:34
2 - 35% - 40% - 2:57
PK3 Forward
1 - 0% - 60%
2 - 0% - 40%
PK3 Defense
1 - 0% - 60%
2 - 0% - 40%
44 Forward
1 - 0% - 60%
2 - 0% - 40%
44 Defense
1 - 0% - 60%
2 - 0% - 40%
Last Minute Offensive - 0:21
Last Minute Defensive - 0:00
Total
Forward - 60:00
Defense - 60:00
|
% Time on Ice - Maple Leafs
Lines # - Real PCT - Wanted PCT - Time Play
Normal Forward
1 - 36% - 40% - 18:41
2 - 27% - 30% - 13:46
3 - 24% - 20% - 12:12
4 - 13% - 10% - 6:50
Normal Defense
1 - 41% - 40% - 21:08
2 - 33% - 30% - 17:10
3 - 20% - 20% - 10:26
4 - 5% - 10% - 2:45
PP Forward
1 - 57% - 60% - 4:53
2 - 43% - 40% - 3:38
PP Defense
1 - 64% - 60% - 5:25
2 - 36% - 40% - 3:06
PK Forward
1 - 0% - 60%
2 - 0% - 40%
PK Defense
1 - 0% - 60%
2 - 0% - 40%
PK3 Forward
1 - 0% - 60%
2 - 0% - 40%
PK3 Defense
1 - 0% - 60%
2 - 0% - 40%
44 Forward
1 - 0% - 60%
2 - 0% - 40%
44 Defense
1 - 0% - 60%
2 - 0% - 40%
Last Minute Offensive - 0:00
Last Minute Defensive - 0:00
Total
Forward - 60:00
Defense - 60:00
|
Play-by-Play
1st period
0:01 of 1st period - Brayden Schenn wins face-off versus Andy Miele in neutral zone.
0:41 of 1st period - Wrist shot by Alexander Ovechkin.
0:41 of 1st period - Shot Misses the Net.
0:43 of 1st period - Slapshot by Alexander Edler.
0:43 of 1st period - Stopped by Martin Jones without a rebound.
0:44 of 1st period - Bo Horvat wins face-off versus Jack Eichel in Maple Leafs zone.
0:44 of 1st period - Bo Horvat is hit by Reilly Smith.
1:30 of 1st period - Wrist shot by Jack Eichel.
1:30 of 1st period - Stopped by Martin Jones without a rebound.
1:31 of 1st period - Patrice Cormier wins face-off versus Matt Stajan in Maple Leafs zone.
1:42 of 1st period - Snap shot by Matt Stajan.
1:42 of 1st period - Shot Blocked by Neal Pionk.
1:44 of 1st period - Slapshot by Nicolas Kerdiles.
1:44 of 1st period - Shot Blocked by Haydn Fleury.
2:35 of 1st period - Mark Pysyk is hit by John Klingberg and loses puck.
2:56 of 1st period - Snap shot by Matt Duchene.
2:56 of 1st period - Stopped by Jaroslav Halak with a rebound.
3:31 of 1st period - Wrist shot by Matt Duchene.
3:31 of 1st period - Shot Misses the Net.
3:33 of 1st period - Slapshot by John Klingberg.
3:33 of 1st period - Stopped by Jaroslav Halak with a rebound.
4:03 of 1st period - Icing by Scott Laughton.
4:04 of 1st period - Patrice Cormier wins face-off versus Scott Laughton in Predators zone.
4:05 of 1st period - Snap shot by Zach Werenski.
4:05 of 1st period - Deflect By Patrice Cormier.
4:05 of 1st period - Stopped by Jaroslav Halak with a rebound.
4:31 of 1st period - Mark Pysyk is hit by Braydon Coburn and loses puck.
4:44 of 1st period - Snap shot by Luke Adam.
4:44 of 1st period - Shot Blocked by Mark Pysyk.
6:03 of 1st period - Snap shot by Bo Horvat.
6:03 of 1st period - Shot Misses the Net.
6:11 of 1st period - Andy Miele is hit by Braydon Coburn and loses puck.
6:24 of 1st period - Snap shot by Brad Boyes.
6:24 of 1st period - Shot Misses the Net.
6:26 of 1st period - Slapshot by Chris Tierney.
6:26 of 1st period - Shot Blocked by Alexander Edler.
8:29 of 1st period - Jon Merrill is hit by Justin Faulk.
8:50 of 1st period - Mikael Granlund is hit by Braydon Coburn and loses puck.
9:41 of 1st period - Braydon Coburn is hit by Andy Miele and loses puck.
10:50 of 1st period - Alexander Edler is hit by Andre Burakovsky and loses puck.
11:05 of 1st period - Neal Pionk is hit by Alexander Ovechkin and loses puck.
11:16 of 1st period - Ryan Mcdonagh is hit by Patrice Cormier and loses puck.
11:26 of 1st period - Icing by Brad Boyes.
11:27 of 1st period - Matt Stajan wins face-off versus Patrice Cormier in Maple Leafs zone.
12:13 of 1st period - Slapshot by Claude Giroux.
12:13 of 1st period - Deflect By Matt Duchene.
12:13 of 1st period - Shot Misses the Net.
12:13 of 1st period - Puck is out of play.
12:14 of 1st period - Jack Eichel wins face-off versus Bo Horvat in Predators zone.
12:51 of 1st period - Wrist shot by Matt Duchene.
12:51 of 1st period - Stopped by Jaroslav Halak with a rebound.
12:53 of 1st period - Slapshot by Brayden Schenn.
12:53 of 1st period - Deflect By Claude Giroux.
12:53 of 1st period - Stopped by Jaroslav Halak with a rebound.
14:37 of 1st period - Snap shot by Mikael Granlund.
14:37 of 1st period - Stopped by Martin Jones without a rebound.
14:38 of 1st period - Andy Miele wins face-off versus Bo Horvat in Maple Leafs zone.
14:41 of 1st period - Wrist shot by Andy Miele.
14:41 of 1st period - Stopped by Martin Jones with a rebound.
14:43 of 1st period - Snap shot by Nate Schmidt.
14:43 of 1st period - Stopped by Martin Jones with a rebound.
14:45 of 1st period - Slapshot by Nate Schmidt.
14:45 of 1st period - Deflect By Neal Pionk.
14:45 of 1st period - Stopped by Martin Jones without a rebound.
14:46 of 1st period - Andy Miele wins face-off versus Bo Horvat in Maple Leafs zone.
14:57 of 1st period - Slapshot by Mikael Granlund.
14:57 of 1st period - Stopped by Martin Jones without a rebound.
14:58 of 1st period - Andy Miele wins face-off versus Brayden Schenn in Maple Leafs zone.
15:07 of 1st period - Snap shot by Claude Giroux.
15:07 of 1st period - Shot Misses the Net.
15:09 of 1st period - Slapshot by Jon Merrill.
15:09 of 1st period - Shot Blocked by Ryan Mcdonagh.
15:11 of 1st period - Wrist shot by Brayden Schenn.
15:11 of 1st period - Stopped by Jaroslav Halak without a rebound.
15:12 of 1st period - Brayden Schenn wins face-off versus Mikael Granlund in Predators zone.
15:17 of 1st period - Snap shot by Claude Giroux.
15:17 of 1st period - Stopped by Jaroslav Halak with a rebound.
15:19 of 1st period - Slapshot by John Klingberg.
15:19 of 1st period - Deflect By Brayden Schenn.
15:19 of 1st period - Shot Misses the Net.
15:19 of 1st period - Puck is out of play.
15:20 of 1st period - Brayden Schenn wins face-off versus Andy Miele in Predators zone.
15:27 of 1st period - Snap shot by Matt Duchene.
15:27 of 1st period - Stopped by Jaroslav Halak without a rebound.
15:28 of 1st period - Brayden Schenn wins face-off versus Andy Miele in Predators zone.
15:40 of 1st period - Minor Penalty to Alexander Ovechkin for Roughing.
15:41 of 1st period - Brayden Schenn wins face-off versus Andy Miele in Predators zone.
15:51 of 1st period - Wrist shot by Matt Duchene.
15:51 of 1st period - Stopped by Jaroslav Halak without a rebound.
15:52 of 1st period - Brayden Schenn wins face-off versus Andy Miele in Predators zone.
17:40 of 1st period - Penalty to Alexander Ovechkin is over, Alexander Ovechkin is back on ice.
17:49 of 1st period - Minor Penalty to Josh Morrissey for Tripping.
17:50 of 1st period - Bo Horvat wins face-off versus Andy Miele in Predators zone.
18:12 of 1st period - Claude Giroux is hit by Alexander Edler and loses puck.
19:33 of 1st period - Justin Faulk is hit by Brandon Saad and loses puck.
19:48 of 1st period - Nicolas Kerdiles is hit by Jon Merrill and loses puck.
19:49 of 1st period - Penalty to Josh Morrissey is over, Josh Morrissey is back on ice.
19:57 of 1st period - Snap shot by Ryan Mcdonagh.
19:57 of 1st period - Shot Blocked by Brandon Saad.
19:59 of 1st period - Snap shot by Alexander Ovechkin.
19:59 of 1st period - Deflect By Nicolas Kerdiles.
19:59 of 1st period - Shot Misses the Net.
19:59 of 1st period - Puck is out of play.
Goals for this period are 0 for Predators vs 0 for Maple Leafs.
Shots for this period are 7 for Predators vs 9 for Maple Leafs.
2nd period
0:01 of 2nd period - Brayden Schenn wins face-off versus Andy Miele in neutral zone.
0:26 of 2nd period - Andre Burakovsky is hit by Reilly Smith and loses puck.
0:57 of 2nd period - Wrist shot by John Klingberg.
0:57 of 2nd period - Stopped by Jaroslav Halak without a rebound.
0:58 of 2nd period - Brayden Schenn wins face-off versus Andy Miele in Predators zone.
1:06 of 2nd period - Minor Penalty to Andy Miele for Roughing.
1:07 of 2nd period - Nicolas Kerdiles wins face-off versus Brayden Schenn in Predators zone.
1:11 of 2nd period - Mark Pysyk is hit by Brayden Schenn.
1:37 of 2nd period - Slapshot by John Klingberg.
1:37 of 2nd period - Shot Misses the Net.
1:39 of 2nd period - Slapshot by Jon Merrill.
1:39 of 2nd period - Shot Misses the Net.
1:41 of 2nd period - Slapshot by Jon Merrill.
1:41 of 2nd period - Goal by Jon Merrill - Predators : 0 - Maple Leafs : 1.
1:42 of 2nd period - Andy Miele wins face-off versus Brayden Schenn in neutral zone.
1:57 of 2nd period - John Klingberg is hit by Alexander Ovechkin and loses puck.
2:16 of 2nd period - Wrist shot by Jack Eichel.
2:16 of 2nd period - Stopped by Martin Jones with a rebound.
2:52 of 2nd period - Snap shot by Pontus Aberg.
2:52 of 2nd period - Deflect By Brandon Saad.
2:52 of 2nd period - Shot Misses the Net.
2:52 of 2nd period - Puck is out of play.
2:53 of 2nd period - Luke Adam wins face-off versus Scott Laughton in Predators zone.
3:00 of 2nd period - Snap shot by Luke Adam.
3:00 of 2nd period - Goal by Luke Adam - Predators : 0 - Maple Leafs : 2.
3:01 of 2nd period - Mikael Granlund wins face-off versus Brayden Schenn in neutral zone.
3:04 of 2nd period - Wrist shot by Mikael Granlund.
3:04 of 2nd period - Stopped by Martin Jones with a rebound.
3:06 of 2nd period - Slapshot by Justin Faulk.
3:06 of 2nd period - Stopped by Martin Jones without a rebound.
3:07 of 2nd period - Andy Miele wins face-off versus Brayden Schenn in Maple Leafs zone.
3:08 of 2nd period - Snap shot by Mikael Granlund.
3:08 of 2nd period - Shot Misses the Net.
3:20 of 2nd period - Slapshot by Andy Miele.
3:20 of 2nd period - Stopped by Martin Jones with a rebound.
3:22 of 2nd period - Slapshot by Andy Miele.
3:22 of 2nd period - Shot Blocked by John Klingberg.
3:24 of 2nd period - Slapshot by John Moore.
3:24 of 2nd period - Stopped by Martin Jones with a rebound.
3:39 of 2nd period - Minor Penalty to Reilly Smith for Hooking.
3:40 of 2nd period - Brayden Schenn wins face-off versus Andy Miele in Predators zone.
4:11 of 2nd period - Off-side.
4:12 of 2nd period - Andy Miele wins face-off versus Bo Horvat in neutral zone.
4:17 of 2nd period - Snap shot by Mark Pysyk.
4:17 of 2nd period - Shot Misses the Net.
4:19 of 2nd period - Snap shot by Andy Miele.
4:19 of 2nd period - Stopped by Martin Jones with a rebound.
4:21 of 2nd period - Slapshot by Justin Faulk.
4:21 of 2nd period - Stopped by Martin Jones with a rebound.
4:23 of 2nd period - Wrist shot by Andy Miele.
4:23 of 2nd period - Deflect By Mark Pysyk.
4:23 of 2nd period - Stopped by Martin Jones with a rebound.
4:25 of 2nd period - Wrist shot by Andy Miele.
4:25 of 2nd period - Stopped by Martin Jones with a rebound.
4:27 of 2nd period - Slapshot by Andy Miele.
4:27 of 2nd period - Stopped by Martin Jones without a rebound.
4:28 of 2nd period - Andy Miele wins face-off versus Brayden Schenn in Maple Leafs zone.
4:37 of 2nd period - Andy Miele is hit by Matt Duchene and loses puck.
5:00 of 2nd period - Slapshot by Ryan Mcdonagh.
5:00 of 2nd period - Stopped by Martin Jones with a rebound.
5:10 of 2nd period - Slapshot by Mark Pysyk.
5:10 of 2nd period - Shot Blocked by Zach Werenski.
5:14 of 2nd period - Wrist shot by Andy Miele.
5:14 of 2nd period - Shot Misses the Net.
5:16 of 2nd period - Wrist shot by Andy Miele.
5:16 of 2nd period - Goal by Andy Miele - Predators : 1 - Maple Leafs : 2.
5:17 of 2nd period - Jaden Schwartz wins face-off versus Brayden Schenn in neutral zone.
5:28 of 2nd period - Snap shot by Claude Giroux.
5:28 of 2nd period - Shot Misses the Net.
5:30 of 2nd period - Wrist shot by Jon Merrill.
5:30 of 2nd period - Stopped by Jaroslav Halak without a rebound.
5:31 of 2nd period - Brayden Schenn wins face-off versus Andy Miele in Predators zone.
5:39 of 2nd period - Penalty to Reilly Smith is over, Reilly Smith is back on ice.
6:24 of 2nd period - Wrist shot by Jack Eichel.
6:24 of 2nd period - Stopped by Martin Jones without a rebound.
6:25 of 2nd period - Jack Eichel wins face-off versus Brayden Schenn in Maple Leafs zone.
7:02 of 2nd period - Off-side.
7:03 of 2nd period - Andy Miele wins face-off versus Bo Horvat in neutral zone.
7:22 of 2nd period - Andre Burakovsky is hit by Mikael Granlund and loses puck.
7:55 of 2nd period - Wrist shot by Luke Adam.
7:55 of 2nd period - Stopped by Jaroslav Halak with a rebound.
7:57 of 2nd period - Wrist shot by Luke Adam.
7:57 of 2nd period - Stopped by Jaroslav Halak without a rebound.
7:58 of 2nd period - Scott Laughton wins face-off versus Pontus Aberg in Predators zone.
8:37 of 2nd period - Wrist shot by Brandon Saad.
8:37 of 2nd period - Goal by Brandon Saad - Predators : 1 - Maple Leafs : 3.
8:38 of 2nd period - Matt Duchene wins face-off versus Andy Miele in neutral zone.
8:51 of 2nd period - Slapshot by Jon Merrill.
8:51 of 2nd period - Shot Misses the Net.
8:53 of 2nd period - Minor Penalty to Mikael Granlund for Holding.
8:54 of 2nd period - Andy Miele wins face-off versus Brayden Schenn in Predators zone.
10:01 of 2nd period - Brayden Schenn is hit by Andy Miele.
10:05 of 2nd period - Justin Faulk is hit by Brayden Schenn and loses puck.
10:53 of 2nd period - Penalty to Mikael Granlund is over, Mikael Granlund is back on ice.
11:04 of 2nd period - Icing by Alexander Ovechkin.
11:05 of 2nd period - Nicolas Kerdiles wins face-off versus Patrice Cormier in Predators zone.
11:14 of 2nd period - Slapshot by Neal Pionk.
11:14 of 2nd period - Shot Blocked by Mikael Granlund.
11:48 of 2nd period - Snap shot by Chris Tierney.
11:48 of 2nd period - Shot Misses the Net.
12:10 of 2nd period - Mikael Granlund is hit by Patrice Cormier and loses puck.
12:27 of 2nd period - Snap shot by Mikael Granlund.
12:27 of 2nd period - Stopped by Martin Jones without a rebound.
12:28 of 2nd period - Brayden Schenn wins face-off versus Jack Eichel in Maple Leafs zone.
12:55 of 2nd period - Snap shot by Mark Pysyk.
12:55 of 2nd period - Stopped by Martin Jones without a rebound.
12:56 of 2nd period - Scott Laughton wins face-off versus Bo Horvat in Maple Leafs zone.
13:01 of 2nd period - Backhand shot by Justin Faulk.
13:01 of 2nd period - Stopped by Martin Jones without a rebound.
13:02 of 2nd period - Brayden Schenn wins face-off versus Jack Eichel in Maple Leafs zone.
13:29 of 2nd period - Snap shot by Andre Burakovsky.
13:29 of 2nd period - Stopped by Jaroslav Halak with a rebound.
14:13 of 2nd period - Off-side.
14:14 of 2nd period - Jack Eichel wins face-off versus Brayden Schenn in neutral zone.
14:21 of 2nd period - Wrist shot by Jaden Schwartz.
14:21 of 2nd period - Stopped by Martin Jones with a rebound.
14:23 of 2nd period - Wrist shot by Jack Eichel.
14:23 of 2nd period - Shot Blocked by Haydn Fleury.
15:09 of 2nd period - Snap shot by Matt Stajan.
15:09 of 2nd period - Shot Misses the Net.
15:11 of 2nd period - Snap shot by Nicolas Kerdiles.
15:11 of 2nd period - Shot Misses the Net.
15:13 of 2nd period - Snap shot by Nicolas Kerdiles.
15:13 of 2nd period - Stopped by Martin Jones without a rebound.
15:14 of 2nd period - Jack Eichel wins face-off versus Brayden Schenn in Maple Leafs zone.
16:17 of 2nd period - Slapshot by Alexander Edler.
16:17 of 2nd period - Stopped by Martin Jones without a rebound.
16:18 of 2nd period - Brayden Schenn wins face-off versus Mikael Granlund in Maple Leafs zone.
16:45 of 2nd period - Andy Miele is hit by Chris Tierney.
16:58 of 2nd period - Icing by Jon Merrill.
16:59 of 2nd period - Patrice Cormier wins face-off versus Jack Eichel in Maple Leafs zone.
17:19 of 2nd period - Icing by Jack Eichel.
17:20 of 2nd period - Brayden Schenn wins face-off versus Jack Eichel in Predators zone.
17:27 of 2nd period - Wrist shot by Matt Duchene.
17:27 of 2nd period - Stopped by Jaroslav Halak without a rebound.
17:28 of 2nd period - Brayden Schenn wins face-off versus Andy Miele in Predators zone.
17:29 of 2nd period - Snap shot by Claude Giroux.
17:29 of 2nd period - Stopped by Jaroslav Halak without a rebound.
17:30 of 2nd period - Claude Giroux wins face-off versus Andy Miele in Predators zone.
17:31 of 2nd period - Snap shot by Matt Duchene.
17:31 of 2nd period - Goal by Matt Duchene - Predators : 1 - Maple Leafs : 4.
17:32 of 2nd period - Brayden Schenn wins face-off versus Andy Miele in neutral zone.
18:24 of 2nd period - Slapshot by Justin Faulk.
18:24 of 2nd period - Stopped by Martin Jones with a rebound.
18:26 of 2nd period - Slapshot by Justin Faulk.
18:26 of 2nd period - Deflect By Nicolas Kerdiles.
18:26 of 2nd period - Stopped by Martin Jones without a rebound.
18:27 of 2nd period - Brayden Schenn wins face-off versus Andy Miele in Maple Leafs zone.
18:36 of 2nd period - Wrist shot by Mikael Granlund.
18:36 of 2nd period - Goal by Mikael Granlund - Predators : 2 - Maple Leafs : 4.
18:37 of 2nd period - Jack Eichel wins face-off versus Brayden Schenn in neutral zone.
18:44 of 2nd period - Claude Giroux is hit by Reilly Smith.
19:49 of 2nd period - Wrist shot by Matt Duchene.
19:49 of 2nd period - Stopped by Jaroslav Halak without a rebound.
19:50 of 2nd period - Brayden Schenn wins face-off versus Jack Eichel in Predators zone.
Goals for this period are 2 for Predators vs 4 for Maple Leafs.
Shots for this period are 22 for Predators vs 12 for Maple Leafs.
3rd period
0:01 of 3rd period - Brayden Schenn wins face-off versus Andy Miele in neutral zone.
0:08 of 3rd period - Snap shot by Matt Duchene.
0:08 of 3rd period - Shot Blocked by Alexander Edler.
0:10 of 3rd period - Snap shot by Brayden Schenn.
0:10 of 3rd period - Shot Misses the Net.
0:12 of 3rd period - Snap shot by Claude Giroux.
0:12 of 3rd period - Stopped by Jaroslav Halak with a rebound.
0:35 of 3rd period - Backhand shot by Bo Horvat.
0:35 of 3rd period - Shot Misses the Net.
0:49 of 3rd period - Wrist shot by Matt Stajan.
0:49 of 3rd period - Goal by Matt Stajan - Predators : 3 - Maple Leafs : 4.
0:50 of 3rd period - Andy Miele wins face-off versus Brayden Schenn in neutral zone.
1:01 of 3rd period - Snap shot by Andy Miele.
1:01 of 3rd period - Stopped by Martin Jones without a rebound.
1:02 of 3rd period - Brayden Schenn wins face-off versus Andy Miele in Maple Leafs zone.
1:02 of 3rd period - Brayden Schenn is hit by Alexander Edler.
1:28 of 3rd period - Andre Burakovsky is hit by Jack Eichel.
1:32 of 3rd period - Slapshot by Jon Merrill.
1:32 of 3rd period - Stopped by Jaroslav Halak with a rebound.
1:37 of 3rd period - Off-side.
1:38 of 3rd period - Brayden Schenn wins face-off versus Jack Eichel in neutral zone.
1:55 of 3rd period - Wrist shot by Brayden Schenn.
1:55 of 3rd period - Stopped by Jaroslav Halak with a rebound.
2:05 of 3rd period - Andre Burakovsky is hit by Justin Faulk and loses puck.
2:12 of 3rd period - Andre Burakovsky is hit by Mikael Granlund and loses puck.
2:23 of 3rd period - Alexander Ovechkin is hit by Andre Burakovsky and loses puck.
2:38 of 3rd period - Wrist shot by Andre Burakovsky.
2:38 of 3rd period - Stopped by Jaroslav Halak with a rebound.
2:42 of 3rd period - Snap shot by Andre Burakovsky.
2:42 of 3rd period - Shot Misses the Net.
2:44 of 3rd period - Snap shot by Haydn Fleury.
2:44 of 3rd period - Stopped by Jaroslav Halak with a rebound.
2:48 of 3rd period - Snap shot by Andre Burakovsky.
2:48 of 3rd period - Stopped by Jaroslav Halak with a rebound.
2:50 of 3rd period - Slapshot by Tye McGinn.
2:50 of 3rd period - Shot Misses the Net.
3:22 of 3rd period - Tye McGinn is hit by Justin Faulk and loses puck.
3:31 of 3rd period - Slapshot by Alexander Ovechkin.
3:31 of 3rd period - Stopped by Martin Jones without a rebound.
3:32 of 3rd period - Brayden Schenn wins face-off versus Jack Eichel in Maple Leafs zone.
3:39 of 3rd period - Claude Giroux is hit by Alexander Edler.
3:59 of 3rd period - Jon Merrill is hit by Mike Brown and loses puck.
4:26 of 3rd period - Snap shot by Brandon Saad.
4:26 of 3rd period - Goal by Brandon Saad - Predators : 3 - Maple Leafs : 5.
4:27 of 3rd period - Jack Eichel wins face-off versus Brayden Schenn in neutral zone.
4:56 of 3rd period - Icing by Alexander Edler.
4:57 of 3rd period - Luke Adam wins face-off versus Jack Eichel in Predators zone.
5:22 of 3rd period - Jack Eichel is hit by Claude Giroux and loses puck.
5:49 of 3rd period - Josh Morrissey is hit by Brayden Schenn and loses puck.
6:04 of 3rd period - Wrist shot by Jack Eichel.
6:04 of 3rd period - Shot Misses the Net.
6:06 of 3rd period - Slapshot by Reilly Smith.
6:06 of 3rd period - Stopped by Martin Jones with a rebound.
6:08 of 3rd period - Wrist shot by Jack Eichel.
6:08 of 3rd period - Goal by Jack Eichel - Predators : 4 - Maple Leafs : 5.
6:09 of 3rd period - Tye McGinn wins face-off versus Andy Miele in neutral zone.
6:36 of 3rd period - Ryan Mcdonagh is hit by Chris Tierney and loses puck.
7:06 of 3rd period - Icing by Luke Adam.
7:07 of 3rd period - Andy Miele wins face-off versus Luke Adam in Maple Leafs zone.
7:20 of 3rd period - Slapshot by Mikael Granlund.
7:20 of 3rd period - Shot Misses the Net.
7:42 of 3rd period - Snap shot by Claude Giroux.
7:42 of 3rd period - Shot Misses the Net.
7:44 of 3rd period - Slapshot by Neal Pionk.
7:44 of 3rd period - Shot Hit the Post.
7:46 of 3rd period - Snap shot by Neal Pionk.
7:46 of 3rd period - Shot Blocked by Ryan Mcdonagh.
8:50 of 3rd period - Pontus Aberg is hit by Alexander Ovechkin and loses puck.
9:01 of 3rd period - Brandon Saad is hit by Josh Morrissey and loses puck.
10:05 of 3rd period - Wrist shot by Brad Boyes.
10:05 of 3rd period - Stopped by Jaroslav Halak without a rebound.
10:06 of 3rd period - Andy Miele wins face-off versus Patrice Cormier in Predators zone.
10:11 of 3rd period - Chris Tierney is hit by Alexander Ovechkin and loses puck.
10:21 of 3rd period - Off-side.
10:22 of 3rd period - Brayden Schenn wins face-off versus Jack Eichel in neutral zone.
10:48 of 3rd period - Icing by Jack Eichel.
10:49 of 3rd period - Jack Eichel wins face-off versus Bo Horvat in Predators zone.
12:08 of 3rd period - Slapshot by Neal Pionk.
12:08 of 3rd period - Shot Misses the Net.
13:16 of 3rd period - Slapshot by Zach Werenski.
13:16 of 3rd period - Shot Misses the Net.
13:18 of 3rd period - Snap shot by Brad Boyes.
13:18 of 3rd period - Stopped by Jaroslav Halak without a rebound.
13:19 of 3rd period - Andy Miele wins face-off versus Bo Horvat in Predators zone.
13:46 of 3rd period - Braydon Coburn is hit by Alexander Edler and loses puck.
14:26 of 3rd period - Matt Duchene is hit by Jack Eichel and loses puck.
15:21 of 3rd period - Snap shot by Matt Duchene.
15:21 of 3rd period - Stopped by Jaroslav Halak without a rebound.
15:22 of 3rd period - Nicolas Kerdiles wins face-off versus Patrice Cormier in Predators zone.
15:22 of 3rd period - Nicolas Kerdiles is hit by Patrice Cormier.
15:44 of 3rd period - Icing by Chris Tierney.
15:45 of 3rd period - Andy Miele wins face-off versus Bo Horvat in Maple Leafs zone.
16:34 of 3rd period - Slapshot by Pontus Aberg.
16:34 of 3rd period - Shot Blocked by Alexander Edler.
17:32 of 3rd period - Slapshot by Nate Schmidt.
17:32 of 3rd period - Stopped by Martin Jones without a rebound.
17:33 of 3rd period - Patrice Cormier wins face-off versus Andy Miele in Maple Leafs zone.
17:38 of 3rd period - Snap shot by Mikael Granlund.
17:38 of 3rd period - Goal by Mikael Granlund - Predators : 5 - Maple Leafs : 5.
17:39 of 3rd period - Patrice Cormier wins face-off versus Matt Stajan in neutral zone.
18:26 of 3rd period - Snap shot by Zach Werenski.
18:26 of 3rd period - Stopped by Jaroslav Halak with a rebound.
18:28 of 3rd period - Snap shot by Tye McGinn.
18:28 of 3rd period - Goal by Tye McGinn - Predators : 5 - Maple Leafs : 6.
18:29 of 3rd period - Patrice Cormier wins face-off versus Matt Stajan in neutral zone.
18:40 of 3rd period - Predators, Jaroslav Halak is pulled from the net.
18:54 of 3rd period - Patrice Cormier is hit by Alexander Ovechkin.
19:08 of 3rd period - Wrist shot by Neal Pionk.
19:08 of 3rd period - Goal by Neal Pionk - Predators : 5 - Maple Leafs : 7.
19:08 of 3rd period - Jaroslav Halak from Predators was sent back in the game.
19:09 of 3rd period - Brayden Schenn wins face-off versus Matt Stajan in neutral zone.
19:40 of 3rd period - Slapshot by Alexander Edler.
19:40 of 3rd period - Shot Misses the Net.
Goals for this period are 3 for Predators vs 3 for Maple Leafs.
Shots for this period are 7 for Predators vs 13 for Maple Leafs.
Output by the SimonT Hockey Simulator (STHS) for Francois Prevost